 Dungeon Crawl Stone Soup version 0.29.0-11-gd7f09526c8 (webtiles) character file.

Game seed: 17105685513927166684

109 smilodon the Trooper (level 4, 0/37 HPs)
             Began as a Demonspawn Fighter on Sept 6, 2022.
             Killed from afar by an orc wizard (6 damage)
             ... with a magic dart
             ... on level 3 of the Dungeon.
             The game lasted 00:03:27 (2397 turns).

smilodon the Trooper (Demonspawn Fighter)           Turns: 2397, Time: 00:03:29

Health: 0/37       AC:  6    Str: 16 (18) XL:     4   Next: 60%
Magic:  4/4        EV:  8    Int:  6 (9)  God:
Gold:   150        SH:  5    Dex: 13      Spells: 3/3 levels left

rFire   . . .      SeeInvis .   a - +0 trident
rCold   + . .      Faith    .   c - +0 buckler
rNeg    . . .      Spirit   .   b - +0 scale mail
rPois   .          Reflect  .   (no helmet)
rElec   .          Harm     .   (no cloak)
rCorr   .          Rampage  .   (no gloves)
Will    .....                   (no boots)
Stlth   ..........              (no amulet)
HPRegen 0.12/turn               g - ring of protection from cold
MPRegen 0.18/turn               (no ring)

@: mighty
A: magic regeneration
a: no special abilities


You were on level 3 of the Dungeon.
You visited 1 branch of the dungeon, and saw 3 of its levels.

You collected 150 gold pieces.

Inventory:

Hand Weapons
 a - a +0 trident (weapon)
 j - a +0 dagger of protection
Missiles
 e - 2 curare-tipped darts (quivered)
 l - 4 poisoned darts
Armour
 b - a +0 scale mail (worn)
 c - a +0 buckler (worn)
 k - a +0 buckler
Jewellery
 g - a ring of protection from cold (left hand)
Scrolls
 h - 2 scrolls of poison
Potions
 f - a potion of haste


   Skills:
 + Level 3.7 Fighting
 + Level 2.7 Polearms
 + Level 3.3 Armour
 + Level 3.3 Shields


You had 3 spell levels left.
You didn't know any spells.
Your spell library contained the following spells:

 Spells                   Type           Power      Damage    Failure   Level
 Inner Flame              Hex/Fire       0%         N/A       100%        3
 Cause Fear               Hex            0%         N/A       100%        4
 Discord                  Hex            0%         N/A       100%        8


Dungeon Overview and Level Annotations

Branches:
Dungeon (3/15)

Altars:


Innate Abilities, Weirdness & Mutations

You regenerate magic rapidly.


Message History

You hear some strange, mumbled words.
A puff of flame appears from out of thin air!
The puff of flame hits you.
* * * LOW HITPOINT WARNING * * *
You aren't carrying any items that you can evoke.
You feel very mighty all of a sudden.
Sorry, you're not good enough to have a special ability.
Throw: 6 darts (curare)
Press: ? - help, Q - select action, (/) - cycle Shift-Dir - straight line, f - orc priest
Aim: an orc priest, wielding a +2 flail of draining (57% to hit)
You throw a curare-tipped dart.
The curare-tipped dart hits the orc priest.
The orc priest is poisoned.
The orc priest convulses.
The orc priest seems to slow down.
The orc priest is moderately wounded.
Throw: 5 darts (curare)
Press: ? - help, Q - select action, (/) - cycle Shift-Dir - straight line, f/p - orc priest
Aim: an orc priest, wielding a +2 flail of draining (heavily wounded, very poisoned, slow, 57% to hit)
You throw a curare-tipped dart.
The curare-tipped dart hits the orc priest.
The orc priest looks as sick as possible!
The orc priest convulses.
The orc priest seems to be slow for longer.
The orc priest is almost dead.
You kill the orc priest!
You feel your dexterity returning.
Throw: 4 darts (curare)
Press: ? - help, Q - select action, (/) - cycle Shift-Dir - straight line, f - you Really target yourself?
Okay, then.
Unknown command.
Throw: 4 darts (curare)
Press: ? - help, Q - select action, (/) - cycle Shift-Dir - straight line You throw a curare-tipped dart.
Throw: 3 darts (curare)
Press: ? - help, Q - select action, (/) - cycle Shift-Dir - straight line You throw a curare-tipped dart.
A magic dart appears from out of thin air!
The magic dart hits you.
You die...

####.#..#..#.#####.#######.#
...#.#..#..#.# §§#.........#
##.#.#..#..#.# #§#..########
#.#.#..#†.#.# #§#<.#
##.#.####..#.###§#..###
.><#.#.....#.#.§)§....#
####.#.#.###.#.#{#.##.#
###....#.....#.#§#..#.#
#...........##.#@##.#.#
#.≈≈≈≈≈≈≈≈≈....#§§§§#.#
#.≈.......≈...#######.#
#.≈.#.###.≈...........#
..≈.#...#.≈....########
#.≈.#._.#.≈....#
#.≈.#...#.≈....#
..≈.###.#.≈....#
#.≈.......≈....#


There were no monsters in sight!

Vanquished Creatures
  An orc priest (D:3)
  3 adders (D:2)
  2 worms (D:2)
  A dart slug (D:2)
  2 orcs (D:3)
  2 ball pythons
  3 bats
  5 endoplasms
  6 goblins
  4 hobgoblins (D:1)
  6 kobolds
  3 frilled lizards
  6 rats
44 creatures vanquished.

Notes
Turn   | Place    | Note
-------+----------+-------------------------------------------
     0 | D:1      | smilodon the Demonspawn Fighter began the quest for the
                  | Orb.
     0 | D:1      | Reached XP level 1. HP: 18/18 MP: 1/1
   476 | D:1      | Gained mutation: You regenerate magic rapidly. [demonic
                  | ancestry]
   476 | D:1      | Reached XP level 2. HP: 24/24 MP: 2/2
   923 | D:2      | Reached XP level 3. HP: 24/29 MP: 3/3
  2041 | D:2      | Reached XP level 4. HP: 35/35 MP: 4/4
  2397 | D:3      | Killed from afar by an orc wizard

Illustrated notes

Levels and vault maps discovered:
D:1:      grunt_arrival_lava_bath, layout_loops_corners,
          minmay_indecisive_spiral
D:2:      layout_basic, st_stairs_14
D:3:      layout_basic, mainiacjoe_overflow_brackets, minitemple

Skill      XL: |  1  2 |
---------------+-------+-----
Polearms       | 2 |  2.7
Armour         | 3 |  3.3
Shields        | 3 |  3.3
Fighting       | |  3.7

Action                   |  1- 3 |  4- 6 || total
-------------------------+-------+-------++-------
Melee: Trident           |   124 |    22 ||   146
Throw: Dart              |       |     4 ||     4
  Use: Scroll            |     1 |     4 ||     5
       Potion            |     1 |     3 ||     4
Armor: Scale mail        |    32 |     6 ||    38
Dodge: Dodged            |    38 |     7 ||    45
Block: Buckler           |    30 |     3 ||    33
